 Dungeon Crawl Stone Soup version 0.25-a0-1024-gbfbf38f2cb (webtiles) character file.

Game seed: 18053986662837131296, levelgen mode: deterministic

11 Flugslaktarn the Skirmisher (level 2, -1/28 HPs)
             Began as a Naga Fighter on May 12, 2020.
             Slain by a rat (2 damage)
             ... on level 1 of the Dungeon.
             The game lasted 00:00:10 (102 turns).

Flugslaktarn the Skirmisher (Naga Fighter)           Turns: 102, Time: 00:00:11

Health: -1/28      AC:  4    Str: 18    XL:     2   Next: 29%
Magic:  2/2        EV:  5    Int:  8    God:
Gold:   9          SH:  8    Dex: 10    Spells: 1/1 levels left

rFire    . . .     SeeInvis +   a - +0 war axe
rCold    . . .     Gourm    .   c - +0 kite shield
rNeg     . . .     Faith    .   b - +0 scale mail
rPois    +         Spirit   .   (no helmet)
rElec    .         Reflect  .   (no cloak)
rCorr    .         Harm     .   (no gloves)
MR       .....                  (no barding)
Stlth    ..........             (no amulet)
HPRegen  0.09/turn              (no ring)
MPRegen  0.08/turn              (no ring)

@: very slow
A: large, see invisible, deformed body, poison resistance, slowness 2, slow
metabolism 1, spit poison 1, AC +0
a: Spit Poison


You were on level 1 of the Dungeon.
You were not hungry.

You visited 1 branch of the dungeon, and saw 1 of its levels.

You collected 9 gold pieces.

Inventory:

Hand Weapons
 a - a +0 war axe (weapon)
Armour
 b - a +0 scale mail (worn)
 c - a +0 kite shield (worn)
Scrolls
 f - a scroll of remove curse {unknown}
Potions
 d - a potion of might
Comestibles
 e - a ration
 g - a chunk of flesh


   Skills:
 + Level 3.1 Fighting
 * Level 2.4 Axes
 + Level 2.5 Armour
 + Level 2.5 Shields


You had one spell level left.
You didn't know any spells.
Your spell library was empty.

Dungeon Overview and Level Annotations

Branches:
Dungeon (1/15)

Altars:


Innate Abilities, Weirdness & Mutations

You cannot wear boots.
Your serpentine skin is tough. (AC +0)
You have supernaturally acute eyesight. (SInv)
Armour fits poorly on your strangely shaped body.
Your system is resistant to poisons. (rPois)
You cover ground very slowly.
You have a slow metabolism.
You can spit poison.


Message History

The rat bites you but does no damage.
The jackal bites you but does no damage.
You hit the jackal.
You kill the jackal!
Your shield prevents you from hitting the rat.
The rat bites you but does no damage. The rat bites you.
* * * LOW HITPOINT WARNING * * *
The jackal bites you but does no damage.
You miss the jackal. You barely miss the rat.
You have got your breath back.
The jackal bites you but does no damage.
You block the rat's attack. You block the jackal's attack.
You slash the jackal!
You kill the jackal!
You hit the rat but do no damage. The rat bites you but does no damage.
You block the rat's attack.
You closely miss the rat. The rat bites you.
* * * LOW HITPOINT WARNING * * *
The rat bites you.
You die...

..#..#............#
..#..###.###.##.#####
.........###.##.....#
................###.#
...............÷# .#
.........###.##.###.#
#...................#
...............r##..#
................@†..#
###..#.#.###..####)†#
..... #... #...# .##
#.## .##.# #. . .#
..... # .. .# ####.
.. .# ..#


You could see a rat.

Vanquished Creatures
  A bat (D:1)
  A giant cockroach (D:1)
  A hobgoblin (D:1)
  3 jackals (D:1)
  A kobold (D:1)
  3 rats (D:1)
10 creatures vanquished.

Notes
Turn   | Place    | Note
-------+----------+-------------------------------------------
     0 | D:1      | Flugslaktarn the Naga Fighter began the quest for the Orb.
     0 | D:1      | Reached XP level 1. HP: 21/21 MP: 1/1
    90 | D:1      | Reached XP level 2. HP: 17/28 MP: 2/2
   102 | D:1      | HP: 1/28 [rat (2)]
   102 | D:1      | Slain by a rat

Illustrated notes

Levels and vault maps discovered:
D:1:      shiori_shiawase, layout_basic, minmay_misc_feat_rows,
          minmay_hexomino_c4

Action                   || total
-------------------------++-------
Melee: War axe           ||    19
 Abil: Spit Poison       ||     1
Armor: Scale mail        ||    25
Dodge: Dodged            ||     6
Block: Kite shield       ||    23

Table legend:
 A = Non-vault XP
 B = Vault XP
 C = Vault XP percentage of total XP
 D = Non-vault monster count
 E = Vault monster count
 F = Vault count percentage of total count
                 A         B        C        D         E       F
            +---------+---------+-------+---------+---------+-------
      Total |      10 |       7 |  41.2 |       6 |       4 |  40.0
            +---------+---------+-------+---------+---------+-------
        D:1 |      10 |       7 |  41.2 |       6 |       4 |  40.0
            +---------+---------+-------+---------+---------+-------
